 Dungeon Crawl Stone Soup version 0.25-a0-786-g5b70d41e48 (webtiles) character file.

Game seed: 16955108403974083150, levelgen mode: deterministic

46 DildoBatman the Magician (level 3, 0/24 HPs)
             Began as a Formicid Wizard on Apr 18, 2020.
             Slain by a worm (8 damage)
             ... on level 1 of the Dungeon.
             The game lasted 00:03:48 (1294 turns).

DildoBatman the Magician (Formicid Wizard)          Turns: 1294, Time: 00:03:49

Health: 0/24       AC:  3    Str: 11    XL:     3   Next: 95%
Magic:  0/7        EV: 12    Int: 18    God:
Gold:   58         SH:  0    Dex:  9    Spells: 1/8 levels left

rFire    . . .     SeeInvis +   c - +0 club
rCold    . . .     Gourm    .   (no shield)
rNeg     . . .     Faith    .   a - +0 robe
rPois    .         Spirit   .   (helmet unavailable)
rElec    .         Reflect  .   (no cloak)
rCorr    .         Harm     .   (no gloves)
MR       .....                  g - +0 pair of boots
Stlth    ++........             (no amulet)
HPRegen  0.08/turn              (no ring)
MPRegen  0.10/turn              (no ring)

@: very slightly contaminated
A: permanent stasis, dig shafts and tunnels, four strong arms, antennae 3
a: Dig, Shaft Self


You were on level 1 of the Dungeon.
You were very hungry.

You visited 1 branch of the dungeon, and saw 2 of its levels.

You collected 58 gold pieces.

Inventory:

Hand Weapons
 c - a +0 club (weapon)
Missiles
 e - 19 stones (quivered)
Armour
 a - a +0 robe (worn)
 g - a +0 pair of boots (worn)
Scrolls
 f - a scroll of random uselessness {unknown}
 h - a scroll of teleportation {unknown}
 i - a scroll of amnesia {unknown}
Potions
 d - 2 potions of degeneration {unknown}
Comestibles
 v - 2 rations


   Skills:
 - Level 1.7 Dodging
 - Level 2.4 Stealth
 - Level 3.2 Spellcasting
 * Level 3.1 Conjurations
   Level 1.0 Summonings
   Level 0.8 Translocations


You had one spell level left.
You knew the following spells:

 Your Spells              Type           Power        Failure   Level  Hunger
a - Conjure Flame         Conj/Fire      #.......     26%         3    ###....
c - Magic Dart            Conj           ##..         4%          1    None
e - Mephitic Cloud        Conj/Pois/Air  #.......     30%         3    ###....

Your spell library contained the following spells:

 Spells                   Type           Power        Failure   Level  Hunger
 Call Imp                 Summ           #.......     16%         2    ##.....
 Slow                     Hex            #.......     24%         2    ##.....
 Blink                    Tloc           Unusable     N/A         2    N/A

Dungeon Overview and Level Annotations

Branches:
Dungeon (2/15)

Altars:
Xom


Innate Abilities, Weirdness & Mutations

You cannot be hasted, slowed, berserked, paralysed or teleported.
You can dig through walls and to a lower floor.
Your four strong arms can wield two-handed weapons with a shield.
You have a pair of large antennae on your head. (SInv)


Message History

You hit the worm but do no damage.
The worm is severely wounded.
The worm bites you but does no damage.
Casting: Magic Dart (safe; 4% risk of failure)
Confirm with . or Enter, or press ? or * to list all spells.
Aiming: Magic Dart (safe; 4% risk of failure)
Press: ? - help, Shift-Dir - straight line, f/p - worm
Aim: a worm (severely wounded)
The magic dart hits the worm.
The worm is almost dead.
The worm bites you.
You hit the worm but do no damage.
The worm is almost dead.
You barely miss the worm.
The worm is almost dead.
The worm bites you!
You hit the worm but do no damage.
The worm is almost dead.
The worm bites you!
You die...

....# #.# #.##........... ....#
#.# #.##.........#. ....# ##.##
#.#............ ....#
#...######.............. ....#
#...#...#............### ....##
#...#...#.##.#.......###
.....#####...#...#)##.#..........
.....#..............#............
.....(((..(....w@...##.###.......
.....#..............##.# ####....
.)...#####...#...#####.# #....
.w{..# #...#...# #.# ##### .....#
#...#...#####.### ..)###
#...######......# ...# ######.##
#.##.#.##### _..###.......#
#.##.......#### ....##.####..#
#.####.........


You could see a worm.

Vanquished Creatures
  A dart slug (D:1)
  3 bats (D:1)
  A giant cockroach (D:1)
  5 goblins (D:1)
  6 hobgoblins (D:1)
  11 jackals
  6 kobolds
  A ball python (D:1)
  3 rats (D:1)
37 creatures vanquished.

Notes
Turn   | Place    | Note
-------+----------+-------------------------------------------
     0 | D:1      | DildoBatman the Formicid Wizard began the quest for the
                  | Orb.
     0 | D:1      | Reached XP level 1. HP: 13/13 MP: 4/4
    18 | D:1      | Reached skill level 1 in Conjurations
   129 | D:1      | Reached XP level 2. HP: 13/19 MP: 0/6
   230 | D:1      | Found a shimmering altar of Xom.
   390 | D:1      | Reached XP level 3. HP: 24/24 MP: 0/7
   395 | D:1      | Learned a level 3 spell: Conjure Flame
   399 | D:1      | Learned a level 3 spell: Mephitic Cloud
  1294 | D:1      | Slain by a worm

Levels and vault maps discovered:
D:1:      minmay_arrival_up_and_down, layout_loops_cross, xom_teletrap_fun
D:2:      layout_loops_ring

Skill      XL: |  1  2  3 |
---------------+----------+-----
Conjurations   | 1 2 3 |  3.1
Dodging        | |  1.7
Stealth        | |  2.4
Spellcasting   | |  3.2
Summonings     | |  1.0
Translocations | |  0.8

Action                   || total
-------------------------++-------
Melee: Club              ||    68
Throw: Stone             ||     8
 Cast: Magic Dart        ||    78
Armor: Robe              ||    30
Dodge: Dodged            ||    60

Table legend:
 A = Non-vault XP
 B = Vault XP
 C = Vault XP percentage of total XP
 D = Non-vault monster count
 E = Vault monster count
 F = Vault count percentage of total count
                 A         B        C        D         E       F
            +---------+---------+-------+---------+---------+-------
      Total |      67 |       0 |   0.0 |      37 |       0 |   0.0
            +---------+---------+-------+---------+---------+-------
        D:1 |      55 |       0 |   0.0 |      31 |       0 |   0.0
        D:2 |      12 |       0 |   0.0 |       6 |       0 |   0.0
            +---------+---------+-------+---------+---------+-------
